 Dungeon Crawl Stone Soup version 0.25-a0-290-g4a1327ee3a (webtiles) character file.

Game seed: 15095196845989005060, levelgen mode: deterministic

6 Gwanngwann the Grave Robber (level 1, -3/14 HPs)
             Began as a Ghoul Necromancer on Dec 14, 2019.
             Slain by a kobold
             ... wielding a +0 club
              (4 damage)
             ... on level 1 of the Dungeon.
             The game lasted 00:01:18 (113 turns).

Gwanngwann the Grave Robber (Ghoul Necromancer)      Turns: 113, Time: 00:01:18

Health: -3/14      AC:  3    Str: 11    XL:     1   Next: 90%
Magic:  1/2        EV: 11    Int: 10    God:
Gold:   0          SH:  0    Dex:  9    Spells: 2/3 levels left

rFire    . . .     SeeInvis .   (no weapon)
rCold    + . .     Gourm    .   (no shield)
rNeg     + + +     Faith    .   f - +0 leather armour
rPois    ∞         Spirit   .   (no helmet)
rElec    .         Reflect  .   (no cloak)
rCorr    .         Harm     .   (no gloves)
MR       .....                  (no boots)
Stlth    ++........             (no amulet)
HPRegen  0.00/turn              (no ring)
MPRegen  0.08/turn              (no ring)

@: rotting
A: rotting body, claws 1, carnivore, cold resistance 1, negative energy
resistance 3, inhibited regeneration, torment resistance, unbreathing
a: no special abilities


You were on level 1 of the Dungeon.
You were not hungry.

You visited 1 branch of the dungeon, and saw 1 of its levels.

Inventory:

Armour
 a - a +0 robe
 f - a +0 leather armour (worn)
Scrolls
 e - a scroll of identify {unknown}
Potions
 d - a potion of invisibility {unknown}
Comestibles
 b - 3 chunks of flesh
 c - a ration


   Skills:
 + Level 1.8 Dodging
 + Level 2.3 Stealth
 + Level 1.8 Spellcasting
 + Level 4.2 Necromancy


You had 2 spell levels left.
You knew the following spells:

 Your Spells              Type           Power        Failure   Level  Hunger
a - Pain                  Necr           #...         8%          1    ##.....

Your spell library contained the following spells:

 Spells                   Type           Power        Failure   Level  Hunger
 Animate Skeleton         Necr           N/A          8%          1    ##.....
 Vampiric Draining        Necr           #.........   22%         3    ####...
 Regeneration             Chrm/Necr      #.........   47%         3    ####...
 Animate Dead             Necr           N/A          58%         4    #####..


Dungeon Overview and Level Annotations

Branches:
Dungeon (1/15)

Altars:


Innate Abilities, Weirdness & Mutations

Your body is rotting away.
You thrive on raw meat.
You are immune to poison.
You have sharp fingernails.
You are carnivorous and can eat meat at any time.
Your flesh is cold resistant. (rC+)
You are immune to negative energy. (rN+++)
You do not regenerate when monsters are visible.
You are immune to unholy pain and torment.
You can survive without breathing.


Message History

You scratch the kobold but do no damage.
A bat comes into view.
The kobold hits you but does no damage. The rat closely misses you.
You closely miss the kobold. The rat completely misses you.
The kobold hits you but does no damage.
You scratch the kobold but do no damage.
The rat bites you.
* * * LOW HITPOINT WARNING * * *
The kobold misses you. The bat barely misses you.
You scratch the kobold but do no damage.
The bat hits you but does no damage. The rat bites you but does no damage.
The kobold hits you with a +0 club.
* * * LOW HITPOINT WARNING * * *
You barely miss the kobold. The rat bites you.
* * * LOW HITPOINT WARNING * * *
The bat barely misses you. The kobold hits you but does no damage.
You scratch the kobold but do no damage.
The bat closely misses you. The rat closely misses you.
The kobold hits you with a +0 club.
You die...

.... ....# .....#
#..... #### #.....# #..
###....###.#
.......g##.#######
#Kr........#
#@.........###
#.....†...........####
##.?.#..........#....#
.................####.#
...#.##..##....### #.##
.. #.#..####...# #... #
# #.## ###.# #### #.
#..


You could see a goblin, a kobold and a rat.

Vanquished Creatures
  2 ball pythons (D:1)
  A goblin (D:1)
  2 bats (D:1)
  A rat (D:1)
6 creatures vanquished.

Notes
Turn   | Place    | Note
-------+----------+-------------------------------------------
     0 | D:1      | Gwanngwann the Ghoul Necromancer began the quest for the
                  | Orb.
     0 | D:1      | Reached XP level 1. HP: 14/14 MP: 2/2
   113 | D:1      | Slain by a kobold

Levels and vault maps discovered:
D:1:      ncdulo_smallfort, layout_rooms

Action                   || total
-------------------------++-------
Melee: Unarmed           ||    23
 Cast: Pain              ||     2
Armor: Leather armour    ||     5
       Robe              ||     3
Dodge: Dodged            ||    24

Table legend:
 A = Non-vault XP
 B = Vault XP
 C = Vault XP percentage of total XP
 D = Non-vault monster count
 E = Vault monster count
 F = Vault count percentage of total count
                 A         B        C        D         E       F
            +---------+---------+-------+---------+---------+-------
      Total |       9 |       0 |   0.0 |       6 |       0 |   0.0
            +---------+---------+-------+---------+---------+-------
        D:1 |       9 |       0 |   0.0 |       6 |       0 |   0.0
            +---------+---------+-------+---------+---------+-------
